 Dungeon Crawl Stone Soup version 0.28-a0-1227-ga9037bb4c8 (webtiles) character file.

Game seed: 10989224506384897403

2 bearlyready the Charlatan (level 1, 0/15 HPs)
             Began as a Demonspawn Artificer on Dec 22, 2021.
             Slain by a kobold (3 damage)
             ... on level 1 of the Dungeon.
             The game lasted 00:00:21 (42 turns).

bearlyready the Charlatan (Demonspawn Artificer)      Turns: 42, Time: 00:00:21

Health: 0/15       AC:  3    Str: 12    XL:     1   Next: 25%
Magic:  1/1        EV: 11    Int: 12    God:
Gold:   0          SH:  0    Dex: 13    Spells: 0/0 levels left

rFire   . . .      SeeInvis .   a - +0 club
rCold   . . .      Faith    .   (no shield)
rNeg    . . .      Spirit   .   b - +0 leather armour
rPois   .          Reflect  .   (no helmet)
rElec   .          Harm     .   (no cloak)
rCorr   .          Rampage  .   (no gloves)
Will    .....                   (no boots)
Stlth   +.........              (no amulet)
HPRegen 0.05/turn               (no ring)
MPRegen 0.07/turn               (no ring)

@: no status effects
A: no striking features
a: no special abilities


You were on level 1 of the Dungeon.
You visited 1 branch of the dungeon, and saw 1 of its levels.

Inventory:

Hand Weapons
 a - a +0 club (weapon)
Armour
 b - a +0 leather armour (worn)
Wands
 c - a wand of flame (15) (quivered)
 d - a wand of charming (13)
Miscellaneous
 e - a piece from Xom's chessboard (14/15)


   Skills:
 + Level 1.1 Fighting
 - Level 1.7 Armour
 - Level 0.8 Dodging
 - Level 0.8 Stealth
 + Level 3.0 Evocations


You couldn't memorise any spells.
You didn't know any spells.
Your spell library was empty.

Dungeon Overview and Level Annotations

Branches:
Dungeon (1/15)

Altars:


Message History

Your hobgoblin barely misses the rat.
The rat bites your hobgoblin but does no damage.
Your hobgoblin hits the rat.
The rat dies!
The kobold throws a stone.
The stone closely misses your hobgoblin.
The stone closely misses you.
The kobold throws a stone.
The stone hits your hobgoblin but does no damage.
The kobold hits your hobgoblin with a +0 club.
Your hobgoblin dies!
What are your orders? t - Shout!
Orders for allies: a - Attack new target. r - Retreat! s - Stop attacking. g - Guard the area. f - Follow me.
Anything else - Cancel.
Gang up on whom?
Press: ? - help, Dir - move target, f - kobold
Aim: a kobold, wielding a +0 club Attack!
Your hobgoblin barely misses the kobold.
The kobold throws a stone.
The stone barely misses your hobgoblin. The stone closely misses you.
Your hobgoblin misses the kobold.
You make a move on Xom's chessboard...
The kobold twists and deforms.
The kobold throws a stone.
The stone hits your hobgoblin but does no damage.
Your hobgoblin barely misses the kobold.
You hit the kobold but do no damage. You closely miss the kobold.
The kobold hits you with a +0 club.
* * * LOW HITPOINT WARNING * * *
The kobold throws a stone.
The stone hits you.
* * * LOW HITPOINT WARNING * * *
Your hobgoblin closely misses the kobold.
The kobold throws a stone.
The stone hits you but does no damage. The kobold barely misses you.
Your hobgoblin closely misses the kobold.
The kobold hits your hobgoblin with a +0 dagger.
The kobold hits you with a +0 club.
You die...

##### #######
##8.8###.......
#......#.......
#......#.....
##(.8...#...#.#
#8...K..#..!.#
#<@KgK..†...#
#8......#>..#
##..8...#....#
#......#...#.#
#......#.......
##8.8######.##.
##### .. ##


You could see 3 kobolds and a friendly hobgoblin (charmed).

Vanquished Creatures
  A giant cockroach (D:1)
1 creature vanquished.

Vanquished Creatures (collateral kills)
  A rat (D:1)
1 creature vanquished.

Vanquished Creatures (others)
  A hobgoblin (D:1)
1 creature vanquished.

Grand Total: 3 creatures vanquished

Notes
Turn   | Place    | Note
-------+----------+-------------------------------------------
     0 | D:1      | bearlyready the Demonspawn Artificer began the quest for
                  | the Orb.
     0 | D:1      | Reached XP level 1. HP: 15/15 MP: 1/1
    42 | D:1      | Slain by a kobold

Illustrated notes

Levels and vault maps discovered:
D:1:      mrwooster_arrival_statue_3, layout_rooms, serial_forest,
          infiniplex_forest_clump_large, infiniplex_forest_join,
          infiniplex_forest_clump_double, infiniplex_forest_end_2,
          infiniplex_forest_lined_ring, hangedman_feature_mirror,
          minmay_small_reverse_x

Action                   || total
-------------------------++-------
Melee: Club              ||    19
Evoke: Wand              ||     2
       Piece from Xom's  ||     1
Armor: Leather armour    ||    12
Dodge: Dodged            ||    21

Table legend: (Time is in decaauts)
 A = Elapsed time spent in this place.
 B = Non-inter-level travel time spent in this place.
 C = Inter-level travel time spent in this place.
 D = Time resting spent in this place.
 E = Time spent auto-exploring this place.
 F = Levels seen in this place.
 G = Mean time per level.
                   A        B        C        D        E       F      G
               +--------+--------+--------+--------+--------+-----+--------+
         Total |     47 |     47 |      0 |      0 |      6 |   1 |   47.0 |
       Dungeon |     47 |     47 |      0 |      0 |      6 |   1 |   47.0 |
               +--------+--------+--------+--------+--------+-----+--------+

Top non-repeatable levels by time:
     D:1: 47 daAuts
